 Dungeon Crawl Stone Soup version 0.16.1-25-gbcee3f8 (webtiles) character file.

42 rnd the Firebug (level 3, -5/19 HPs)
             Began as a Deep Elf Fire Elementalist on May 20, 2015.
             Slain by a gnoll
             ... wielding a +0 halberd
              (13 damage)
             ... on level 3 of the Dungeon.
             The game lasted 00:12:24 (1894 turns).

rnd the Firebug (Deep Elf Fire Elementalist)        Turns: 1894, Time: 00:12:24

Health: -5/19      AC:  2    Str:  5    XL:     3   Next: 35%
Magic:  9/11       EV:  7    Int: 20    God:
Gold:   131        SH:  0    Dex: 15    Spells: 4 memorised, 0 levels left

rFire  . . .     SeeInvis .     (no weapon)
rCold  . . .     Clarity  .     a - +0 robe
rNeg   + . .     SustAb   .     (no shield)
rPois  .         Gourm    .     (no helmet)
rElec  .         Spirit   .     (no cloak)
rCorr  .         Warding  .     (no gloves)
rMut   .         Stasis   .     (no boots)
MR     .....                    (no amulet)
Stlth  ++........               (no ring)
                                h - ring of positive energy

@: held, not resistant to hostile enchantments, unstealthy
A: no striking features
a: no special abilities


You were on level 3 of the Dungeon.
You were not hungry.

You visited 1 branch of the dungeon, and saw 3 of its levels.

You collected 131 gold pieces.

Inventory:

Armour
 a - a +0 robe (worn)
Jewellery
 h - a ring of positive energy (left hand)
Scrolls
 g - a scroll of amnesia {unknown}
 i - 3 scrolls of teleportation
 j - a scroll of identify
Potions
 e - a potion of restore abilities
Books
 b - a book of Flames

   Spells                             Type                      Level
   a - Flame Tongue                   Conjuration/Fire             1
   b - Throw Flame                    Conjuration/Fire             2
   c - Conjure Flame                  Conjuration/Fire             3
   d - Inner Flame                    Hexes/Fire                   3
   e - Sticky Flame                   Conjuration/Fire             4
   f - Fireball                       Conjuration/Fire             5
Comestibles
 c - 2 bread rations
 f - a beef jerky


   Skills:
 + Level 2.9 Dodging
 + Level 2.5 Stealth
 + Level 3.5 Spellcasting
 + Level 1.7 Conjurations
 + Level 4.1 Fire Magic


You couldn't memorise any spells.
You knew the following spells:

 Your Spells              Type           Power        Failure   Level  Hunger
a - Flame Tongue          Conj/Fire      ###..        4%          1    None
b - Throw Flame           Conj/Fire      ###...       10%         2    ##.....
c - Conjure Flame         Conj/Fire      ###.....     14%         3    ###....
d - Inner Flame           Hex/Fire       ##......     21%         3    ###....


Dungeon Overview and Level Annotations

Branches:
Dungeon (3/15)

Altars:
Gozag
Nemelex Xobeh


Message History

The gnoll shouts! x3
The bat hits you but does no damage.
The gnoll throws a throwing net.
The throwing net misses you. The bat hits you but does no damage.
The gnoll throws a throwing net.
The throwing net hits you.
You become entangled in the net!
You stop ascending the stairs.
The gnoll hits you from afar with a spear of piercing!
You can't do that while held in a net.
You can't do that while held in a net.
Casting: Flame Tongue
Confirm with . or Enter, or press ? or * to list all spells.
Aiming: Flame Tongue
Press: ? - help, Shift-Dir - straight line, f/p - gnoll
Aim: a gnoll, wielding a flail (moderately wounded)
The flame tongue hits the gnoll.
The gnoll is almost dead.
The bat hits you but does no damage.
The gnoll hits you from afar with a halberd!
Ouch! That really hurt!
You die...

#####
##..(##
#8g@$8#
#.......#
#.bg8g....#
#...g...#...
##8.>.8## ..
##...##
#####


You could see 4 gnolls and a bat.

Vanquished Creatures
  A giant gecko (D:2)
  A ball python (D:1)
  3 bats (D:2)
  3 giant cockroaches (D:1)
  11 hobgoblins
  2 jackals (D:2)
  A quokka (D:2)
  2 giant newts
  7 goblins
  5 kobolds
  A rat (D:1)
37 creatures vanquished.

Notes
Turn   | Place    | Note
--------------------------------------------------------------
     0 | D:1      | rnd, the Deep Elf Fire Elementalist, began the quest for the Orb.
     0 | D:1      | Reached XP level 1. HP: 10/10 MP: 5/5
   250 | D:1      | Reached XP level 2. HP: 15/15 MP: 0/8
   254 | D:1      | Learned a level 2 spell: Throw Flame
   479 | D:1      | Found a sparkling altar of Nemelex Xobeh.
   693 | D:1      | You fall through a shaft!
  1235 | D:2      | Found an opulent altar of Gozag.
  1431 | D:2      | Reached XP level 3. HP: 19/19 MP: 4/11
  1442 | D:2      | Learned a level 3 spell: Conjure Flame
  1446 | D:2      | Learned a level 3 spell: Inner Flame
  1674 | D:2      | Reached skill level 4 in Fire Magic
  1894 | D:3      | Slain by a gnoll

Action                   || total
-------------------------++-------
 Cast: Flame Tongue      ||    62
       Throw Flame       ||     6
  Use: Scroll            ||     5
       Potion            ||     2
  Eat: Chunk             ||     3
